 Dungeon Crawl Stone Soup version 0.30.0-29-ga12c61a403 (webtiles) character file.

Game seed: 14915331682431395336

215 Irreverend the Trooper (level 5, -2/42 HPs)
             Began as a Demonspawn Fighter on June 6, 2023.
             Succumbed to a scorpion's poison
             ... on level 4 of the Dungeon.
             The game lasted 00:02:20 (2424 turns).

Irreverend the Trooper (Demonspawn Fighter)         Turns: 2424, Time: 00:02:20

Health: -2/42      AC:  9    Str: 18    XL:     5   Next: 60%
Magic:  5/5        EV:  7    Int: 10    God:
Gold:   206        SH:  8    Dex: 12    Spells: 4/4 levels left

rFire   . . .        a - +0 trident
rCold   . . .        c - +0 buckler
rNeg    . . .        q - +0 chain mail
rPois   .            (no helmet)
rElec   .            (no cloak)
rCorr   .            (no gloves)
SInv    .            (no boots)
Will    .....        (no amulet) Stlth
                     (no ring)
HPRegen 0.27/turn    (no ring)
MPRegen 0.18/turn

%: no passive effects
@: lethally poisoned (-2 -> -12)
A: magic regeneration, condensation shield, weakness stinger 1, demonic touch 1
a: no special abilities


You were on level 4 of the Dungeon.
You visited 1 branch of the dungeon, and saw 4 of its levels.

You collected 206 gold pieces.

Inventory:

Hand Weapons
 a - a +0 trident (weapon)
Armour
 b - a +0 scale mail
 c - a +0 buckler (worn)
 q - a +0 chain mail (worn)
Jewellery
 h - a +6 ring of dexterity
Wands
 r - a wand of flame (9)
Scrolls
 f - a scroll of blinking {unknown}
 g - a scroll of enchant weapon {unknown}
 i - 4 scrolls of identify {unknown}
 j - 2 scrolls of magic mapping {unknown}
 l - a scroll of silence {unknown}
Potions
 d - a potion of might
 e - 2 potions of degeneration {unknown}
 k - a potion of curing {unknown}
 m - a potion of brilliance {unknown}
 n - 2 potions of haste {unknown}
 o - a potion of flight {unknown}
 p - a potion of resistance {unknown}


   Skills:
 + Level 3.9 Fighting
 * Level 3.6 Polearms
 + Level 3.4 Armour
 + Level 3.5 Shields


You had 4 spell levels left.
You didn't know any spells.
Your spell library contained the following spells:

 Spells                   Type           Power      Damage    Failure   Level
 Portal Projectile        Hex/Tloc       0%         N/A       100%        3
 Tukima's Dance           Hex            0%         N/A       100%        3
 Blade Hands              Tmut           0%         N/A       100%        5


Dungeon Overview and Level Annotations

Branches:
Dungeon (4/15)
 Temple: D:4-7

Altars:
Nemelex Xobeh
Uskayaw
Vehumet

Annotations:
D:3 2 runed translucent doors


Innate Abilities, Weirdness & Mutations

You regenerate magic rapidly.
A meltable shield of frost defends you. (SH +4)
You have a small tail.
Your touch may inflict minor irresistible damage on your foes.


Message History

The scorpion is moderately wounded.
You feel very sick. You block the scorpion's attack.
The scorpion stings you but does no damage.
You are too injured to fight recklessly!
You are too injured to fight recklessly!
You are too injured to fight recklessly!
You are too injured to fight recklessly!
You are too injured to fight recklessly!
You are too injured to fight recklessly!
You are too injured to fight recklessly!
You are too injured to fight recklessly!
You are too injured to fight recklessly!
You are too injured to fight recklessly!
You are too injured to fight recklessly!
You hit the scorpion.
The scorpion is severely wounded.
You feel very sick. The scorpion stings you.
You hit the scorpion.
The scorpion is almost dead.
You feel sick. You block the scorpion's attack.
You hit the scorpion.
Your tail-slap misses the scorpion.
The scorpion is almost dead.
You feel sick.
The scorpion stings you but does no damage.
The scorpion stings you.
* * * LOW HITPOINT WARNING * * *
You are lethally poisoned!
The scorpion poisons you!
You completely miss the scorpion.
The scorpion is almost dead.
* * * LOW HITPOINT WARNING * * *
You feel very sick. The scorpion completely misses you.
You hit the scorpion.
You kill the scorpion!
* * * LOW HITPOINT WARNING * * *
You feel very sick.
You die...

### #......#
#......####
##...#....#
#.######.# #.# #.#
#.# #.# ... #.#
..####.######.###
..........@.......
...####.##########
#.# #.# #.# ..#
###


There were no monsters in sight!

Vanquished Creatures
  A scorpion (D:4)
  An iguana (D:4)
  4 adders
  A worm (D:2)
  4 dart slugs (D:1)
  7 bats
  7 endoplasms
  3 giant cockroaches
  9 goblins
  9 hobgoblins
  3 jackals (D:3)
  6 kobolds
  4 quokkas
  9 ball pythons
  3 frilled lizards
  10 rats
81 creatures vanquished.

Notes
Turn   | Place    | Note
-------+----------+-------------------------------------------
     0 | D:1      | Irreverend the Demonspawn Fighter began the quest for the
                  | Orb.
     0 | D:1      | Reached XP level 1. HP: 18/18 MP: 1/1
   129 | D:1      | Gained mutation: You regenerate magic rapidly. [demonic
                  | ancestry]
   129 | D:1      | Reached XP level 2. HP: 23/24 MP: 2/2
   768 | D:1      | Discovered your monstrous ancestry.
   768 | D:1      | Gained mutation: You have a small tail. [demonic ancestry]
   768 | D:1      | Reached XP level 3. HP: 29/29 MP: 3/3
  1141 | D:2      | Found a sparkling altar of Nemelex Xobeh.
  1240 | D:2      | Gained mutation: A meltable shield of frost defends you.
                  | (SH +4) [demonic ancestry]
  1240 | D:2      | Reached XP level 4. HP: 35/35 MP: 4/4
  1836 | D:3      | Found a radiant altar of Vehumet.
  1982 | D:3      | Found a large runed translucent door.
  1983 | D:3      | Found a large runed translucent door.
  2250 | D:3      | Noticed a +0 short sword
  2258 | D:3      | Found a hide-covered altar of Uskayaw.
  2258 | D:3      | Noticed a +0 falchion
  2258 | D:3      | Noticed a +0 dagger
  2259 | D:3      | Noticed a +0 spear
  2259 | D:3      | Noticed a +0 spear
  2260 | D:3      | Noticed a +0 dagger
  2261 | D:3      | Noticed a +0 short sword
  2262 | D:3      | Noticed a +0 falchion
  2390 | D:4      | Gained mutation: Your touch may inflict minor irresistible
                  | damage on your foes. [demonic ancestry]
  2390 | D:4      | Reached XP level 5. HP: 42/42 MP: 5/5
  2423 | D:4      | HP: 1/42 [poisoned by a scorpion]
  2424 | D:4      | Succumbed to a scorpion's poison

Illustrated notes

Levels and vault maps discovered:
D:1:      grunt_arrival_crossed_arrows, layout_loops_corners, st_stairs_2,
          minmay_misc_feat_plants
D:2:      layout_loops_ring, basic_altar
D:3:      cheibrodos_greedy_goblins, layout_rooms, vehumet_altar_wand_db,
          nicolae_uskayaw_en_pointe, jmf_multi_god_temple2,
          minmay_misc_feat_tower, minivault_14
D:4:      layout_loops_ring, serial_bayou_pond_c, grunt_decor_cap

Skill      XL: |  1  2  3  4 |
---------------+-------------+-----
Polearms       | 2 3 |  3.6
Shields        | 3 |  3.5
Armour         | 3 |  3.4
Fighting       | |  3.9

Action                     |  1- 3 |  4- 6 || total
---------------------------+-------+-------++-------
  Melee: Trident           |   142 |   102 ||   244
         Tailslap          |     7 |    10 ||    17
 Armour: Scale mail        |    36 |     9 ||    45
         Chain mail        |       |    27 ||    27
  Dodge: Dodged            |    38 |    26 ||    64
  Block: Buckler           |    24 |    39 ||    63
